 Dungeon Sprint DCSS version 0.28.0-53-g5a82cb258f (webtiles) character file.

Game seed: 8773300797612014973

280951 Groucho the Imperceptible (level 13, 50/111 HPs)
             Began as a Felid Berserker on Aug 14, 2022.
             Was an Elder of Trog.
             Escaped with the Orb!
             The game lasted 00:13:15 (4710 turns).

Groucho the Imperceptible (Felid Berserker)         Turns: 4710, Time: 00:13:16

Health: 50/111     AC:  3    Str: 13    XL:     13   Next: 1%
Magic:  6/14       EV: 40    Int:  9    God:    Trog [****..]
Gold:   2082       SH:  0    Dex: 20    Spells: 12/12 levels left
                                        Lives:  2   Deaths: 0

rFire   + . .      SeeInvis +     - Unarmed
rCold   . . .      Faith    .   (shield unavailable)
rNeg    . . .      Spirit   +   (armour unavailable)
rPois   .          Reflect  .   (helmet unavailable)
rElec   .          Harm     .   (cloak unavailable)
rCorr   .          Rampage  .   (gloves unavailable)
Will    +++..      NoTele   +   (boots unavailable)
Stlth   ..........              r - amulet of guardian spirit
HPRegen 1.28/turn               h - ring of flight
MPRegen 0.14/turn               p - ring of fire

@: berserking, strong-willed, flying, regenerating, very quick
A: very small, claws 1, fangs 3, see invisible, speed 1, shaggy fur 3, stealthy
paws, no weapons or thrown items, no armour, multi-lived
0: Orb of Zot
a: Renounce Religion, Berserk, Trog's Hand, Brothers in Arms


You escaped.
You worshipped Trog.
Trog was greatly pleased with you.
You visited 1 branch You collected 3892 gold pieces.
You spent 1810 gold pieces at shops.

Inventory:

Jewellery
 h - a ring of flight (left paw)
 p - a ring of fire (right paw)
 r - an amulet of guardian spirit (around neck)
Wands
 j - a wand of paralysis (3)
 l - a wand of mindburst (17)
Scrolls
 f - a scroll of amnesia {unknown}
 k - a scroll of fear {unknown}
 o - a scroll of immolation {unknown}
 q - 2 scrolls of identify {unknown}
 s - a scroll of blinking
Potions
 a - 5 potions of curing
 b - a potion of heal wounds
 d - 4 potions of magic
 e - a potion of berserk rage
 i - a potion of flight {unknown}
 m - a potion of ambrosia {unknown}
 n - a potion of brilliance {unknown}


   Skills:
 + Level 18.5 Fighting
 + Level 25.2 Dodging
 - Level 26.4 Stealth
 * Level 18.1 Unarmed Combat


You had 12 spell levels left.
You didn't know any spells.
Your spell library was empty.

Dungeon Overview and Level Annotations

Branches:
Dungeon (1/1)

Altars:
Cheibriados
Dithmenos
Elyvilon
Fedhas
Gozag
Hepliaklqana
Kikubaaqudgha
Makhleb
Nemelex Xobeh
Okawaru
Qazlal
Ru
Sif Muna
Trog
Uskayaw
Vehumet
Wu Jian
Xom
Yredelemnul
Zin
The Shining One
Jiyva
Lugonu

Shops:
D ?[*?*??*=(=?*[?[*!

Annotations:
D Lernaean hydra, Tiamat


Innate Abilities, Weirdness & Mutations

You have sharp claws.
You have razor-sharp teeth.
You have supernaturally acute eyesight. (SInv)
You cover ground quickly. (Speed+)
Your thick and shaggy fur keeps you warm. (AC +3, rC+)
Your paws help you pounce on unaware monsters.
You are incapable of wielding weapons or throwing items.
You cannot wear armour.
You gain extra lives every three experience levels.


Message History

You mangle the ice devil!!
You claw the ice devil, but do no damage.
The ice devil is heavily wounded.
You scratch the ice devil.
The ice devil is heavily wounded.
Your ogre hits the Brimstone Fiend with a +0 giant spiked club!
The ice devil completely misses you. The Brimstone Fiend hits your ogre!
Your ogre dies!
Your ogre's corpse disappears in a puff of smoke!
You eviscerate the ice devil!!!
You feel the power of Trog in you as your rage grows.
You kill the ice devil!
Trog accepts your kill.
You can now call in reinforcements.
You scratch Bicaph.
Bicaph is lightly wounded.
Bicaph hits you!
You claw the Brimstone Fiend! Your claw misses the Brimstone Fiend.
The Brimstone Fiend is moderately wounded.
The hell beast completely misses you. The hell beast tramples you!
You hold your ground!
You scratch the Brimstone Fiend but do no damage.
The Brimstone Fiend is moderately wounded.
The Brimstone Fiend hits you!
The Brimstone Fiend completely misses you. x2
Bicaph gestures.
You claw the Brimstone Fiend!
You bite the Brimstone Fiend, but do no damage.
The Brimstone Fiend is moderately wounded.
The hell beast barely misses you. The hell beast tramples you!
You hold your ground!
You mangle the Brimstone Fiend!!
The Brimstone Fiend is heavily wounded.
The hell beast misses you. x2
Unknown command.
The Brimstone Fiend hits you!
The Brimstone Fiend hits you but does no damage.
The Brimstone Fiend hits you. Bicaph gestures at you.
You resist with almost no effort.
You have escaped!

##################
#@&1..'..#.)'..#__
#12§).#.)'..#T.'..
#..#####'#####'#__
#..####..#...#)###
#..#__####..##.#≈≈
#..#_____##'#_.'≈≈
#⌠⌠#_.∩...'..._#≈≈
####_..__##_.#'##+
#_____###'#.#..


You could see Bicaph, 2 Brimstone Fiends and a hell beast (summoned).

Vanquished Creatures
  A golden dragon (D)
  2 Orb Guardians (D)
  An Executioner (D)
  A shadow dragon (D)
  A deep elf annihilator (D)
  A hydra (D)
  2 centaur warriors (D)
  Sonja (D)
  A deep troll (D)
  A lindwurm (D)
  An oklob plant (D)
  A merfolk siren (D)
  7 unseen horrors (D)
  2 kobold demonologists (D)
  An ice devil (D)
  A hellwing (D)
  2 hornets (D)
  A slime creature (D)
  Sigmund (D)
  A yak (D)
  13 hogs (D)
  2 redbacks (D)
  3 floating eyes (D)
  7 necrophages (D)
  An ogre (D)
  8 jellies (D)
  Ijyb (D)
  A ballistomycete spore (D)
66 creatures vanquished.

Vanquished Creatures (collateral kills)
  A Brimstone Fiend (D)
  An Orb Guardian (D)
  A daeva (D)
  4 fire giants (D)
  A soul eater (D)
  A gargoyle (D)
  4 demonic crawlers (D)
13 creatures vanquished.

Vanquished Creatures (others)
  A merfolk siren (D)
  3 hornets (D)
  A ballistomycete spore (D)
5 creatures vanquished.

Grand Total: 84 creatures vanquished

Notes
Turn   | Place    | Note
-------+----------+-------------------------------------------
     0 | D        | Groucho the Felid Berserker began the quest for the Orb.
     0 | D        | Reached XP level 1. HP: 10/10 MP: 2/2
     1 | D        | Noticed Ijyb
     8 | D        | Killed Ijyb
     9 | D        | Reached skill level 8 in Stealth
     9 | D        | Reached XP level 2. HP: 14/14 MP: 3/3
   255 | D        | Noticed an ogre
   257 | D        | Killed an ogre
   258 | D        | Reached skill level 12 in Stealth
   258 | D        | Reached XP level 3. HP: 17/17 MP: 4/4
   258 | D        | Reached XP level 4. HP: 21/21 MP: 5/5
   271 | D        | Noticed Sigmund
   273 | D        | Killed Sigmund
   273 | D        | Reached ** piety under Trog
   274 | D        | Reached skill level 16 in Stealth
   274 | D        | Reached XP level 5. HP: 24/24 MP: 6/6
   286 | D        | Found a shimmering blue altar of Sif Muna.
   287 | D        | Found an ornate altar of the Wu Jian Council.
   288 | D        | Found a radiant altar of Vehumet.
   293 | D        | Reached skill level 17 in Stealth
   293 | D        | Gained mutation: You are covered in thick fur. (AC +2)
                  | [Felid growth]
   293 | D        | Reached XP level 6. HP: 28/28 MP: 7/7
   323 | D        | Found Oga Hago's Armour Emporium.
   323 | D        | Found an ancient bone altar of Kikubaaqudgha.
   323 | D        | Found a hazy altar of Hepliaklqana.
   323 | D        | Found a stormy altar of Qazlal.
   323 | D        | Found a hide-covered altar of Uskayaw.
   323 | D        | Found a blossoming altar of Fedhas.
   323 | D        | Found a bloodstained altar of Trog.
   323 | D        | Found an iron altar of Okawaru.
   323 | D        | Found a basalt altar of Yredelemnul.
   323 | D        | Found a glowing golden altar of the Shining One.
   323 | D        | Found a snail-covered altar of Cheibriados.
   323 | D        | Found a sacrificial altar of Ru.
   323 | D        | Found a glowing silver altar of Zin.
   323 | D        | Found a shadowy altar of Dithmenos.
   323 | D        | Found a white marble altar of Elyvilon.
   323 | D        | Noticed a yak
   324 | D        | Found an opulent altar of Gozag.
   325 | D        | Killed a yak
   326 | D        | Reached skill level 19 in Stealth
   326 | D        | Found a sparkling altar of Nemelex Xobeh.
   340 | D        | Noticed a centaur warrior
   343 | D        | Noticed a centaur warrior
   344 | D        | Killed a centaur warrior
   344 | D        | Reached *** piety under Trog
   345 | D        | Reached skill level 5 in Fighting
   345 | D        | Reached skill level 20 in Stealth
   345 | D        | Reached skill level 5 in Unarmed Combat
   345 | D        | Reached XP level 7. HP: 34/34 MP: 8/8
   345 | D        | Reached XP level 8. HP: 38/38 MP: 9/9
   345 | D        | Killed a centaur warrior
   346 | D        | Reached skill level 21 in Stealth
   357 | D        | Noticed a hornet
   360 | D        | Killed a hornet
   373 | D        | Noticed an oklob plant
   375 | D        | Killed an oklob plant
   376 | D        | Reached skill level 10 in Dodging
   376 | D        | Reached XP level 9. HP: 44/44 MP: 10/10
   383 | D        | Reached **** piety under Trog
   387 | D        | Reached skill level 22 in Stealth
   413 | D        | Noticed an unseen horror
   413 | D        | Noticed an unseen horror
   429 | D        | Killed an unseen horror
   433 | D        | Killed an unseen horror
   597 | D        | Reached ***** piety under Trog
   731 | D        | Reached ****** piety under Trog
   743 | D        | Reached skill level 10 in Fighting
   743 | D        | Reached XP level 10. HP: 32/51 MP: 11/11
   760 | D        | Found Zaezal's Magic Scroll Shoppe.
   760 | D        | Found Gorimimy's Assorted Antiques.
   760 | D        | Found Kentoeme's Assorted Antiques.
   762 | D        | Found Reolecs's Magic Scroll Emporium.
   762 | D        | Found Jaoc's Magic Scroll Shop.
   762 | D        | Found Saxeq's General Store.
   762 | D        | Found Ufucuesy's Jewellery Boutique.
   762 | D        | Found Nadioll's Weapon Emporium.
   762 | D        | Found Kicokkisch's Jewellery Shop.
   762 | D        | Found Qorphoepte's Magic Scroll Shoppe.
   766 | D        | Found Qesyi's Assorted Antiques.
   767 | D        | Found Gadd's Magic Scroll Emporium.
   767 | D        | Found Apymelaseu's Antique Armour Boutique.
   768 | D        | Found Qusikaps's General Store.
   781 | D        | Bought a scroll of acquirement for 520 gold pieces
   781 | D        | Bought 2 scrolls of acquirement for 1040 gold pieces
   788 | D        | Acquired a manual of Dodging
   789 | D        | Acquired a manual of Dodging
   795 | D        | Acquired a manual of Fighting
   830 | D        | Noticed a deep troll
   832 | D        | Killed a deep troll
   833 | D        | Reached skill level 23 in Stealth
   833 | D        | Reached skill level 10 in Unarmed Combat
   838 | D        | Noticed Sonja
   844 | D        | Killed Sonja
   895 | D        | Found Seacog's Armour Emporium.
   914 | D        | Found Biacemm's Magic Scroll Boutique.
  1151 | D        | Found a burning altar of Makhleb.
  1151 | D        | Found a shimmering altar of Xom.
  1152 | D        | Found a viscous altar of Jiyva.
  1152 | D        | Found a corrupted altar of Lugonu.
  1174 | D        | Reached skill level 15 in Dodging
  1174 | D        | Noticed a sixfirhy
  1178 | D        | Noticed a smoke demon
  1548 | D        | Noticed a gargoyle
  1556 | D        | Reached skill level 24 in Stealth
  1556 | D        | Killed a gargoyle
  2009 | D        | Noticed a lindwurm
  2011 | D        | Killed a lindwurm
  2023 | D        | Reached XP level 11. HP: 59/59 MP: 12/12
  2463 | D        | Noticed a 12-headed hydra
  2465 | D        | Killed a 12-headed hydra
  2468 | D        | Reached skill level 15 in Fighting
  2540 | D        | Bought a ring of fire for 250 gold pieces
  2655 | D        | Noticed a shadow dragon
  2655 | D        | Noticed a golden dragon
  2660 | D        | Killed a shadow dragon
  2661 | D        | Reached skill level 25 in Stealth
  2662 | D        | Killed a golden dragon
  2729 | D        | Found Besum's Distillery.
  2740 | D        | Identified the +5 shortbow of Uncomfortable Rashes {freeze,
                  | rC+ Int+3}
  2778 | D        | Noticed a deep elf annihilator
  2783 | D        | Noticed a mummy priest
  2784 | D        | Killed a deep elf annihilator
  3208 | D        | Noticed the 27-headed Lernaean hydra
  3228 | D        | Noticed a daeva
  3235 | D        | Reached skill level 26 in Stealth
  3248 | D        | Gained mutation: Your thick and shaggy fur keeps you warm.
                  | (AC +3, rC+) [Felid growth]
  3248 | D        | Reached XP level 12. HP: 64/67 MP: 13/13
  3476 | D        | Killed a daeva
  3540 | D        | Noticed a fire giant
  3556 | D        | Killed a fire giant
  3558 | D        | Noticed a fire giant
  3558 | D        | Noticed a fire giant
  3565 | D        | Killed a fire giant
  3566 | D        | Reached skill level 15 in Unarmed Combat
  3569 | D        | Killed a fire giant
  3576 | D        | Noticed a fire giant
  3582 | D        | Killed a fire giant
  4273 | D        | Found the +4 dragonskin cloak
  4273 | D        | Noticed Tiamat
  4275 | D        | Got the Orb of Zot
  4304 | D        | Noticed an Orb Guardian
  4320 | D        | Killed an Orb Guardian
  4343 | D        | Noticed a Brimstone Fiend
  4350 | D        | Killed a Brimstone Fiend
  4370 | D        | Noticed an Orb Guardian
  4381 | D        | Killed an Orb Guardian
  4429 | D        | Noticed an Orb Guardian
  4441 | D        | Killed an Orb Guardian
  4494 | D        | Noticed an Executioner
  4501 | D        | Killed an Executioner
  4692 | D        | Noticed Bicaph the pandemonium lord
  4698 | D        | Noticed a Brimstone Fiend
  4700 | D        | Reached XP level 13. HP: 72/74 MP: 14/14
  4707 | D        | Noticed a Brimstone Fiend
  4710 | D        | Escaped with the Orb!

Illustrated notes

Levels and vault maps discovered:
D:        dungeon_sprint_1 [red_sonja_temple_1, red_sonja_temple_small_1]

Skill      XL: |  1  2  3  4  5  6  7  8  9 10 11 12 |
---------------+-------------------------------------+-----
Stealth        | 8 12 16 17 20 21 22 24 26 | 26.4
Fighting       | 5 8 10 13 16 18 | 18.5
Dodging        | 7 10 12 17 21 25 | 25.2
Unarmed Combat | 5 8 9 12 14 18 | 18.1

Action                   |  1- 3 |  4- 6 |  7- 9 | 10-12 | 13-15 || total
-------------------------+-------+-------+-------+-------+-------++-------
Melee: Unarmed           |     6 |     4 |    57 |    90 |     8 ||   165
       Bite              |       |       |     6 |    16 |     1 ||    23
       Punch             |       |       |     3 |    15 |     1 ||    19
Invok: Berserk           |     1 |       |     2 |     5 |     1 ||     9
       Trog's Hand       |       |       |     2 |     7 |       ||     9
       Brothers in Arms  |       |       |       |    14 |       ||    14
Evoke: Wand              |       |       |       |     2 |       ||     2
  Use: Scroll            |       |     1 |       |     3 |       ||     4
       Potion            |       |       |       |     2 |       ||     2
 Stab: Sleeping          |     1 |     4 |     9 |    25 |       ||    39
       Distracted        |       |       |       |     1 |       ||     1
Armor: Skin              |       |       |     4 |     1 |     1 ||     6
Dodge: Dodged            |     2 |       |    37 |    88 |     8 ||   135
